| TOP OF THE 1ST |
|
University of Arizona Wildcats batting - Pitching for University of North Carolina at Chapel Hill Tar Heels : RHP Fernando Conzalez
|
|
Pitching: RHP Fernando Conzalez
|
|
|
Batting: RHB Ron Dondale
|
0-0: Ball 1-0: Called Strike 1-1: Ball 2-1: Foul Ball, location: 5F 2-2: Strikes out swinging
|
|
Batting: LHB Jere Paatelainen
|
0-0: Ball 1-0: Swinging Strike 1-1: Ball 2-1: Ground out 3-1 (Groundball, 34, EV 86.9 MPH)
|
|
Batting: RHB Ricardo Fernandez
|
0-0: Foul Ball, location: 9LSF 0-1: Foul Ball, location: 2F 0-2: Ground out 5-3 (Groundball, 56, EV 92.5 MPH)
|
| Top of the 1st over - 0 runs, 0 hits, 0 errors, 0 left on base; University of Arizona 0 - University of North Carolina at Chapel Hill 0 |
| BOTTOM OF THE 1ST |
|
University of North Carolina at Chapel Hill Tar Heels batting - Pitching for University of Arizona Wildcats : RHP Brad Brooks
|
|
Pitching: RHP Brad Brooks
|
|
|
Batting: LHB Chris Robertson
|
0-0: Ball 1-0: Called Strike 1-1: Foul Ball, location: 2F 1-2: Ball 2-2: Ground out U3 (Groundball, 3, EV 78.8 MPH)
|
|
Batting: LHB Roberto Lopez
|
0-0: Swinging Strike 0-1: Foul Ball, location: 2F 0-2: Ball 1-2: Foul Ball, location: 7LSF 1-2: Ball 2-2: Ball 3-2: Ground out 6-3 (Groundball, 6, EV 100.6 MPH)
|
|
Batting: RHB Michael Houseman
|
0-0: Ball 1-0: Ball 2-0: Fly out, F9 (Flyball, 9D, EV 93.8 MPH)
|
| Bottom of the 1st over - 0 runs, 0 hits, 0 errors, 0 left on base; University of Arizona 0 - University of North Carolina at Chapel Hill 0 |
| TOP OF THE 2ND |
|
University of Arizona Wildcats batting - Pitching for University of North Carolina at Chapel Hill Tar Heels : RHP Fernando Conzalez
|
|
Batting: LHB Pascal Noël
|
0-0: Called Strike 0-1: Foul Ball, location: 2F 0-2: Strikes out swinging
|
|
Batting: RHB Mark Walters
|
0-0: Ground out U3 (Groundball, 3S, EV 78.8 MPH)
|
|
Batting: LHB Lihau Keawe
|
0-0: Ball 1-0: Ball 2-0: Ball 3-0: Called Strike 3-1: SINGLE (Line Drive, 8LS, EV 86.3 MPH)
|
|
Batting: RHB Larry Harlow
|
0-0: Ball Lihau Keawe steals 2nd base 1-0: Foul Ball, location: 3DF 1-1: Ball 2-1: Swinging Strike 2-2: Strikes out swinging
|
| Top of the 2nd over - 0 runs, 1 hit, 0 errors, 1 left on base; University of Arizona 0 - University of North Carolina at Chapel Hill 0 |
| BOTTOM OF THE 2ND |
|
University of North Carolina at Chapel Hill Tar Heels batting - Pitching for University of Arizona Wildcats : RHP Brad Brooks
|
|
Batting: RHB Mike Machalek
|
0-0: Called Strike 0-1: Ball 1-1: Ball 2-1: Called Strike 2-2: Ground out 6-3 (Groundball, 6, EV 96.3 MPH)
|
|
Batting: SHB Jim Saxon
|
0-0: Called Strike 0-1: Called Strike 0-2: Strikes out swinging
|
|
Batting: LHB Juan Alvarado
|
0-0: Ball 1-0: Called Strike 1-1: Swinging Strike 1-2: Fly out, F7 (Flyball, 7, EV 94.4 MPH)
|
| Bottom of the 2nd over - 0 runs, 0 hits, 0 errors, 0 left on base; University of Arizona 0 - University of North Carolina at Chapel Hill 0 |
| TOP OF THE 3RD |
|
University of Arizona Wildcats batting - Pitching for University of North Carolina at Chapel Hill Tar Heels : RHP Fernando Conzalez
|
|
Batting: RHB Carlos Maravilla
|
0-0: SINGLE (Line Drive, 4MD, EV 95.6 MPH)
|
|
Batting: SHB Pat Kidd
|
0-0: Sac Bunt to 2R - play at second, runner OUT! 2-6
|
|
Batting: RHB Ron Dondale
|
0-0: Ball 1-0: Ball 2-0: Ball 3-0: Base on Balls Pat Kidd to second
|
|
Batting: LHB Jere Paatelainen
|
0-0: Ball 1-0: Fielders Choice at 2nd, 1-4 (Groundball, 25, EV 70.6 MPH) Pat Kidd to third
|
|
Batting: RHB Ricardo Fernandez
|
0-0: Ball 1-0: Ball 2-0: Called Strike 2-1: Ball 3-1: Swinging Strike 3-2: Strikes out swinging
|
| Top of the 3rd over - 0 runs, 1 hit, 0 errors, 2 left on base; University of Arizona 0 - University of North Carolina at Chapel Hill 0 |
| BOTTOM OF THE 3RD |
|
University of North Carolina at Chapel Hill Tar Heels batting - Pitching for University of Arizona Wildcats : RHP Brad Brooks
|
|
Batting: RHB Tony Jennings
|
0-0: Called Strike 0-1: Ball 1-1: Ball 2-1: Ball 3-1: Base on Balls
|
|
Batting: RHB Brandon Wilson
|
0-0: Ball 1-0: DOUBLE (Line Drive, 8LD, EV 108.1 MPH) Tony Jennings to third
|
|
Batting: RHB Brian Brower
|
0-0: Ball 1-0: Called Strike 1-1: Fly out, F9 (Flyball, 89M, EV 93.8 MPH) Runner from 3rd tags up, SCORES, throw by RF Brandon Wilson to third
|
|
Batting: LHB Chris Robertson
|
0-0: Called Strike 0-1: Ball 1-1: Ground out 2-3 (Groundball, 15S, EV 74.4 MPH)
|
|
Batting: LHB Roberto Lopez
|
0-0: Ball 1-0: Ball Passed Ball! Brandon Wilson scores 2-0: Called Strike 2-1: Foul Ball, location: 25F 2-2: Ball 3-2: Foul Ball, location: 5DF 3-2: Foul Ball, location: 9LMF 3-2: Fly out, F9 (Flyball, 89M, EV 80.0 MPH)
|
| Bottom of the 3rd over - 2 runs, 1 hit, 0 errors, 0 left on base; University of Arizona 0 - University of North Carolina at Chapel Hill 2 |
| TOP OF THE 4TH |
|
University of Arizona Wildcats batting - Pitching for University of North Carolina at Chapel Hill Tar Heels : RHP Fernando Conzalez
|
|
Batting: LHB Pascal Noël
|
0-0: Foul Ball, location: 25F 0-1: Ground out U3 (Groundball, 34, EV 102.5 MPH)
|
|
Batting: RHB Mark Walters
|
0-0: Ball 1-0: Foul Ball, location: 25FF 1-1: Ball 2-1: DOUBLE (Flyball, 8RXD, EV 111.3 MPH)
|
|
Batting: LHB Lihau Keawe
|
0-0: Ball 1-0: Ball 2-0: Called Strike 2-1: Foul Ball, location: 7LSF 2-2: Ball 3-2: Foul Ball, location: 7LMF 3-2: Strikes out looking
|
|
Batting: RHB Larry Harlow
|
0-0: Ball 1-0: Foul Ball, location: 7LSF 1-1: Ground out 3-1 (Groundball, 34S, EV 82.5 MPH)
|
| Top of the 4th over - 0 runs, 1 hit, 0 errors, 1 left on base; University of Arizona 0 - University of North Carolina at Chapel Hill 2 |
| BOTTOM OF THE 4TH |
|
University of North Carolina at Chapel Hill Tar Heels batting - Pitching for University of Arizona Wildcats : RHP Brad Brooks
|
|
Batting: RHB Michael Houseman
|
0-0: SINGLE (Groundball, 4, EV 104.4 MPH)
|
|
Batting: RHB Mike Machalek
|
0-0: Ball 1-0: Ball 2-0: SINGLE (Groundball, 56S, EV 69.4 MPH) (infield hit) Michael Houseman to second
|
|
Batting: SHB Jim Saxon
|
0-0: Called Strike 0-1: Foul Ball, location: 7LMF 0-2: Fly out, F8 (Line Drive, 8RM, EV 91.3 MPH)
|
|
Batting: LHB Juan Alvarado
|
0-0: Called Strike 0-1: Ball 1-1: Foul Ball, location: 3DF 1-2: Ball 2-2: Strikes out swinging
|
|
Batting: RHB Tony Jennings
|
0-0: Ball Wild Pitch! Michael Houseman to third Mike Machalek to second 1-0: Ball 2-0: Foul Ball, location: 5DF 2-1: Foul Ball, location: 3F 2-2: Strikes out swinging
|
| Bottom of the 4th over - 0 runs, 2 hits, 0 errors, 2 left on base; University of Arizona 0 - University of North Carolina at Chapel Hill 2 |
| TOP OF THE 5TH |
|
University of Arizona Wildcats batting - Pitching for University of North Carolina at Chapel Hill Tar Heels : RHP Fernando Conzalez
|
|
Batting: RHB Carlos Maravilla
|
0-0: Ball 1-0: Foul Ball, location: 3F 1-1: SINGLE (Groundball, 3D, EV 96.9 MPH)
|
|
Batting: SHB Pat Kidd
|
0-0: Sac Bunt to 3S - play at first, batter OUT! 3-1 Carlos Maravilla to second
|
|
Batting: RHB Ron Dondale
|
0-0: Foul Ball, location: 2F 0-1: Called Strike 0-2: Strikes out swinging
|
|
Batting: LHB Jere Paatelainen
|
0-0: Called Strike 0-1: Swinging Strike 0-2: Ball 1-2: Ball 2-2: Foul Ball, location: 25F 2-2: Ball 3-2: Ground out 4-3 (Groundball, 4, EV 105.6 MPH)
|
| Top of the 5th over - 0 runs, 1 hit, 0 errors, 1 left on base; University of Arizona 0 - University of North Carolina at Chapel Hill 2 |
| BOTTOM OF THE 5TH |
|
University of North Carolina at Chapel Hill Tar Heels batting - Pitching for University of Arizona Wildcats : RHP Brad Brooks
|
|
Batting: RHB Brandon Wilson
|
0-0: Ball 1-0: Swinging Strike 1-1: Swinging Strike 1-2: Ball 2-2: Foul Ball, location: 2F 2-2: Foul Ball, location: 9LMFF 2-2: Ground out U3 (Groundball, 3, EV 88.8 MPH)
|
|
Batting: RHB Brian Brower
|
0-0: Ball 1-0: Fly out, F7 (Flyball, 78D, EV 103.8 MPH)
|
|
Batting: LHB Chris Robertson
|
0-0: Called Strike 0-1: Ball 1-1: Ball 2-1: Fly out, F7 (Flyball, 7LS, EV 88.1 MPH)
|
| Bottom of the 5th over - 0 runs, 0 hits, 0 errors, 0 left on base; University of Arizona 0 - University of North Carolina at Chapel Hill 2 |
| TOP OF THE 6TH |
|
University of Arizona Wildcats batting - Pitching for University of North Carolina at Chapel Hill Tar Heels : RHP Fernando Conzalez
|
|
Batting: RHB Ricardo Fernandez
|
0-0: Foul Ball, location: 3FF 0-1: SINGLE (Groundball, 56, EV 88.1 MPH)
|
|
Batting: LHB Pascal Noël
|
0-0: Ball 1-0: Called Strike 1-1: Foul Ball, location: 2F 1-2: Ball 2-2: Foul Ball, location: 2F 2-2: Ball 3-2: Strikes out swinging
|
|
Batting: RHB Mark Walters
|
0-0: Ball 1-0: Ball 2-0: Foul Ball, location: 5FF 2-1: Swinging Strike 2-2: Strikes out swinging
|
|
Pitching: RHP Brian Spedafino
|
|
|
Batting: LHB Lihau Keawe
|
0-0: Ball 1-0: Called Strike 1-1: Called Strike 1-2: SINGLE (Groundball, 34S, EV 71.9 MPH) (infield hit) Ricardo Fernandez to second
|
|
Batting: RHB Larry Harlow
|
0-0: SINGLE (Groundball, 6MD, EV 108.8 MPH) Ricardo Fernandez to third Lihau Keawe to second Runner from 3rd tries for Home, SAFE, throw by CF to home
|
|
Batting: RHB Carlos Maravilla
|
0-0: Ball 1-0: Ball 2-0: Swinging Strike 2-1: Foul Ball, location: 2F 2-2: Fly out, F9 (Flyball, 9, EV 92.5 MPH)
|
| Top of the 6th over - 1 run, 3 hits, 0 errors, 2 left on base; University of Arizona 1 - University of North Carolina at Chapel Hill 2 |
| BOTTOM OF THE 6TH |
|
University of North Carolina at Chapel Hill Tar Heels batting - Pitching for University of Arizona Wildcats : RHP Brad Brooks
|
|
Batting: LHB Roberto Lopez
|
0-0: Foul Ball, location: 5SF 0-1: Ball 1-1: Foul Ball, location: 7LDF 1-2: SOLO HOME RUN (Flyball, 7D, EV 95.0 MPH), Distance : 389 ft
|
|
Pitching: RHP Steve Smit
|
|
|
Batting: RHB Michael Houseman
|
0-0: DOUBLE (Flyball, 89D, EV 97.5 MPH)
|
|
Batting: RHB Mike Machalek
|
0-0: Ball 1-0: Ball 2-0: Called Strike 2-1: Ball 3-1: Foul Ball, location: 2F 3-2: Fly out, F7 (Flyball, 78D, EV 105.6 MPH)
|
|
Batting: SHB Jim Saxon
|
0-0: SINGLE (Groundball, 6MD, EV 96.9 MPH) Michael Houseman to third Runner from 3rd tries for Home, SAFE, throw by CF to home Jim Saxon to second
|
|
Batting: LHB Juan Alvarado
|
0-0: Ball 1-0: Called Strike 1-1: Foul Ball, location: 2F 1-2: DOUBLE (Line Drive, 9LS, EV 105.0 MPH) Jim Saxon scores
|
|
Batting: RHB Tony Jennings
|
0-0: Ball 1-0: Swinging Strike 1-1: SINGLE (Groundball, 6MS, EV 90.0 MPH) (infield hit) Juan Alvarado to third
|
|
Batting: RHB Brandon Wilson
|
0-0: Ball 1-0: Ball 2-0: Fielders Choice at 2nd, 3-6 (Groundball, 3, EV 108.1 MPH) Juan Alvarado scores
|
|
Pitching: RHP Steve Wiest
|
|
|
Batting: RHB Brian Brower
|
0-0: Called Strike 0-1: Fly out, F3 (Popup, 3SF, EV 76.3 MPH)
|
| Bottom of the 6th over - 4 runs, 5 hits, 0 errors, 1 left on base; University of Arizona 1 - University of North Carolina at Chapel Hill 6 |
| TOP OF THE 7TH |
|
University of Arizona Wildcats batting - Pitching for University of North Carolina at Chapel Hill Tar Heels : RHP Brian Spedafino
|
|
Batting: SHB Pat Kidd
|
0-0: Foul Ball, location: 9LMF 0-1: Ball 1-1: Ground out 5-3 (Groundball, 5, EV 69.4 MPH)
|
|
Batting: RHB Ron Dondale
|
0-0: Called Strike 0-1: Ball 1-1: Swinging Strike 1-2: Ball 2-2: Strikes out swinging
|
|
Batting: LHB Jere Paatelainen
|
0-0: Ball 1-0: Ball 2-0: Called Strike 2-1: Ball 3-1: Base on Balls
|
|
Pitching: RHP Ian Hunt
|
|
|
Batting: RHB Ricardo Fernandez
|
0-0: Called Strike 0-1: Ball 1-1: Ball 2-1: Ball 3-1: Base on Balls Jere Paatelainen to second
|
|
Batting: LHB Pascal Noël
|
0-0: Swinging Strike 0-1: Swinging Strike 0-2: Foul Ball, location: 2F 0-2: Strikes out looking
|
| Top of the 7th over - 0 runs, 0 hits, 0 errors, 2 left on base; University of Arizona 1 - University of North Carolina at Chapel Hill 6 |
| BOTTOM OF THE 7TH |
|
University of North Carolina at Chapel Hill Tar Heels batting - Pitching for University of Arizona Wildcats : RHP Steve Wiest
|
|
Pitching: LHP Lance Freake
|
|
|
Batting: LHB Chris Robertson
|
0-0: Ball 1-0: DOUBLE (Line Drive, 78D, EV 101.9 MPH)
|
|
Batting: LHB Roberto Lopez
|
0-0: Foul Ball, location: 25F 0-1: Ball 1-1: Ball 2-1: Ground out 4-3 (Groundball, 4, EV 79.4 MPH) Chris Robertson to third
|
|
Pitching: RHP Rogelio Chavez
|
|
|
Batting: RHB Michael Houseman
|
0-0: Foul Ball, location: 5DF 0-1: Swinging Strike 0-2: Fly out, F8 (Flyball, 8RXD, EV 90.0 MPH) Runner from 3rd tags up, SCORES, no throw by CF
|
|
Batting: RHB Mike Machalek
|
0-0: Ball 1-0: Ball 2-0: SINGLE (Line Drive, 34, EV 101.9 MPH)
|
|
Batting: SHB Jim Saxon
|
0-0: Foul Ball, location: 2F 0-1: Fly out, F8 (Line Drive, 8RM, EV 89.4 MPH)
|
| Bottom of the 7th over - 1 run, 2 hits, 0 errors, 1 left on base; University of Arizona 1 - University of North Carolina at Chapel Hill 7 |
| TOP OF THE 8TH |
|
University of Arizona Wildcats batting - Pitching for University of North Carolina at Chapel Hill Tar Heels : RHP Ian Hunt
|
|
Pinch Hitting: RHB Eddy Amaya
|
0-0: Ball 1-0: Ball 2-0: Called Strike 2-1: Ball 3-1: Fly out, F4 (Popup, 34S, EV 82.5 MPH)
|
|
Batting: LHB Lihau Keawe
|
0-0: Foul Ball, location: 5FF 0-1: Fly out, F9 (Flyball, 89M, EV 88.1 MPH)
|
|
Batting: RHB Larry Harlow
|
0-0: Called Strike 0-1: Ball 1-1: Fly out, F7 (Flyball, 7S, EV 81.3 MPH)
|
| Top of the 8th over - 0 runs, 0 hits, 0 errors, 0 left on base; University of Arizona 1 - University of North Carolina at Chapel Hill 7 |
| BOTTOM OF THE 8TH |
|
University of North Carolina at Chapel Hill Tar Heels batting - Pitching for University of Arizona Wildcats : RHP Rogelio Chavez
|
|
Now at 1B: Eddy Amaya
|
|
|
Batting: LHB Juan Alvarado
|
0-0: Foul Ball, location: 23F 0-1: Swinging Strike 0-2: Ball 1-2: Foul Ball, location: 7LMF 1-2: Foul Ball, location: 5F 1-2: Strikes out looking
|
|
Batting: RHB Tony Jennings
|
0-0: Ball 1-0: SINGLE (Line Drive, 7LS, EV 90.0 MPH)
|
|
Batting: RHB Brandon Wilson
|
0-0: Ball 1-0: Swinging Strike 1-1: SINGLE (Groundball, 6, EV 91.9 MPH) Tony Jennings to second
|
|
Batting: RHB Brian Brower
|
0-0: Ball 1-0: Foul Ball, location: 2F 1-1: Ball 2-1: Called Strike 2-2: Ball 3-2: Foul Ball, location: 2RF 3-2: Fly out, F7 (Flyball, 7, EV 88.1 MPH)
|
|
Batting: LHB Chris Robertson
|
0-0: Fly out, F7 (Flyball, 7LSF, EV 83.1 MPH)
|
| Bottom of the 8th over - 0 runs, 2 hits, 0 errors, 2 left on base; University of Arizona 1 - University of North Carolina at Chapel Hill 7 |
| TOP OF THE 9TH |
|
University of Arizona Wildcats batting - Pitching for University of North Carolina at Chapel Hill Tar Heels : RHP Ian Hunt
|
|
Pitching: RHP Jason Kaelber
|
|
|
Batting: RHB Carlos Maravilla
|
0-0: Ground out 4-3 (Groundball, 4S, EV 81.3 MPH)
|
|
Pinch Hitting: SHB George Grace
|
0-0: Foul Ball, location: 2F 0-1: Foul Ball, location: 3FF 0-2: Ball 1-2: Foul Ball, location: 5DF 1-2: Strikes out swinging
|
|
Batting: RHB Ron Dondale
|
0-0: Called Strike 0-1: Ball 1-1: Ball 2-1: Fly out, F7 (Line Drive, 7S, EV 90.0 MPH)
|
| Top of the 9th over - 0 runs, 0 hits, 0 errors, 0 left on base; University of Arizona 1 - University of North Carolina at Chapel Hill 7 |
|